 Dungeon Crawl Stone Soup version 0.30-a0-622-gddc90eaa04 (webtiles) character file.

Game seed: 11806793248390342120

1682 IdlyInterested the Chopper (level 8, -14/65 HPs)
             Began as a Demonspawn Gladiator on Jan 10, 2023.
             Demolished by a large slime creature (26 damage)
             ... on level 7 of the Dungeon.
             The game lasted 00:21:44 (7732 turns).

IdlyInterested the Chopper (Demonspawn Gladiator)   Turns: 7732, Time: 00:21:45

Health: -14/65     AC: 15    Str: 29    XL:     8   Next: 71%
Magic:  0/8        EV:  6    Int: 10    God:
Gold:   189        SH: 10    Dex: 14    Spells: 7/7 levels left

rFire   . . .      SeeInvis .    G - +3 war axe
rCold   + . .      Faith    .    D - +2 kite shield {rC+}
rNeg    . . .      Spirit   +    n - +0 plate armour
rPois   .          Reflect  .    (helmet restricted)
rElec   .          Harm     .    B - +2 cloak {rCorr}
rCorr   +          Rampage  .    (no gloves)
Will    .....                    (no boots) Stlth
                                 (no amulet)
HPRegen 0.30/turn                p - +6 ring of strength
MPRegen 0.22/turn                c - +6 ring of strength

@: mighty
A: horns 1, molten scales 1, magic shield, magic regeneration
a: no special abilities


You were on level 7 of the Dungeon.
You visited 2 branches of the dungeon, and saw 8 of its levels.

You collected 387 gold pieces.
You spent 198 gold pieces at shops.

Inventory:

Hand Weapons
 e - a +0 dagger of draining
 o - a +1 dagger of speed
 q - a +2 dagger of freezing
 v - a +3 dagger of venom
 A - a +1 whip of venom
 G - a +3 war axe (weapon)
Missiles
 b - 22 stones (quivered)
 d - 3 throwing nets
 g - 2 boomerangs
 w - a javelin
 x - 6 poisoned darts
Armour
 n - a +0 plate armour (worn)
 B - a +2 cloak of preservation (worn)
 D - a +2 kite shield of cold resistance (worn)
Jewellery
 c - a +6 ring of strength (right hand)
 p - a +6 ring of strength (left hand)
 r - a ring of protection from cold
Wands
 h - a wand of flame (12)
 s - a wand of roots (12)
 C - a wand of mindburst (28)
Scrolls
 f - 3 scrolls of teleportation
 t - a scroll of enchant armour
 y - a scroll of brand weapon
 z - a scroll of poison
Potions
 l - a potion of resistance
 m - 2 potions of attraction
 u - 3 potions of curing
 E - a potion of might
 F - a potion of heal wounds


   Skills:
 * Level 6.6 Fighting
 + Level 7.6 Axes
 - Level 2.0 Throwing
 - Level 2.0 Armour
 - Level 2.6 Dodging
 - Level 2.0 Stealth
 * Level 1.6 Shields
 - Level 2.0 Evocations


You had 7 spell levels left.
You didn't know any spells.
Your spell library contained the following spells:

 Spells                   Type           Power      Damage    Failure   Level
 Summon Small Mammal      Summ           0%         N/A       100%        1
 Cigotuvi's Dreadful Rot  Necr/Pois/Air  0%         N/A       100%        2
 Poisonous Vapours        Pois/Air       0%         N/A       100%        2
 Call Canine Familiar     Summ           0%         N/A       100%        3
 Mephitic Cloud           Conj/Pois/Air  0%         N/A       100%        3
 Summon Guardian Golem    Hex/Summ       0%         N/A       100%        3


Dungeon Overview and Level Annotations

Branches:
Dungeon (7/15)             Temple (1/1) D:6

Altars:
Cheibriados
Dithmenos
Hepliaklqana
Kikubaaqudgha
Makhleb
Nemelex Xobeh
Okawaru
Qazlal
Sif Muna
Trog
Vehumet
Wu Jian
Xom

Shops:
D:3 (([


Innate Abilities, Weirdness & Mutations

You have a pair of small horns on your head.
You are partially covered in molten scales. (AC +2)
When hurt, damage is shared between your health and your magic reserves.
You regenerate magic rapidly.


Message History

There is an open door here.
There is an open door here.
You see here a +0 shortbow.
Partly explored, can't reach some places.
Partly explored, can't reach some places.
You see here a +0 shortbow.
There is an open door here.
There is an escape hatch in the floor here.
There is an open door here.
You see here a +0 shortbow.
Sorry, I don't know how to traverse that place.
You see here a +0 shortbow.
There is an open door here.
There is an escape hatch in the floor here.
You slide downwards.
The hatch slams shut behind you.
The slime creature quivers. x5
You feel very mighty all of a sudden.
Two slime creatures merge to form a large slime creature. x2
Two slime creatures merge to form a very large slime creature.
You slice the large slime creature!!
The large slime creature is moderately wounded.
You hit the very large slime creature.
A slime creature comes into view.
You barely miss the large slime creature.
The large slime creature is moderately wounded.
The slime creature quivers.
You slice the very large slime creature!!
The very large slime creature hits you!!
The large slime creature hits you!
Two slime creatures merge to form an enormous slime creature.
You slash the large slime creature!
The large slime creature is moderately wounded.
You slash the enormous slime creature!
You block the large slime creature's attack.
You slice the enormous slime creature!!
The enormous slime creature is moderately wounded.
You slash the large slime creature! The enormous slime creature hits you!!
* * * LOW HITPOINT WARNING * * *
The large slime creature hits you!!
You die... ############ ......J@J..# #########.## #

You could see an enormous slime creature and a large slime creature.

Vanquished Creatures
  An orc warrior (D:4)
  A black bear (D:6)
  4 centaurs (D:6)
  2 phantoms
  A necrophage (D:4)
  A gnoll sergeant (D:6)
  A jelly (D:5)
  A hound (D:3)
  A gnoll bouda (D:5)
  2 orc priests
  6 iguanas
  3 orc wizards (D:4)
  Natasha (thrice) (D:3)
  Robin (D:3)
  9 gnolls
  8 adders
  An ufetubus (D:5)
  11 worms
  4 dart slugs
  14 orcs
  12 bats
  15 endoplasms
  3 giant cockroaches
  16 goblins
  15 hobgoblins
  3 jackals (D:5)
  5 quokkas
  9 ball pythons
  2 frilled lizards
  9 kobolds
  6 rats
170 creatures vanquished.

Vanquished Creatures (collateral kills)
  An orc (D:5)
1 creature vanquished.

Vanquished Creatures (others)
  An orc warrior (D:5)
  2 centaurs (D:6)
  14 fungi (D:3)
17 creatures vanquished.

Grand Total: 188 creatures vanquished

Notes
Turn   | Place    | Note
-------+----------+-------------------------------------------
     0 | D:1      | IdlyInterested the Demonspawn Gladiator began the quest for
                  | the Orb.
     0 | D:1      | Reached XP level 1. HP: 16/16 MP: 1/1
   263 | D:1      | Reached skill level 3 in Axes
   263 | D:1      | Gained mutation: You regenerate magic rapidly. [demonic
                  | ancestry]
   263 | D:1      | Reached XP level 2. HP: 22/22 MP: 2/2
   584 | D:1      | Reached skill level 1 in Stealth
   663 | D:1      | Gained mutation: You are partially covered in molten
                  | scales. (AC +2) [demonic ancestry]
   663 | D:1      | Reached XP level 3. HP: 26/28 MP: 3/3
   920 | D:1      | Found a faded altar of an unknown god.
  1409 | D:2      | Reached XP level 4. HP: 25/34 MP: 4/4
  1920 | D:3      | Found Ycoalieh's Antique Weapon Shoppe.
  1981 | D:3      | Found Bidghar's Armour Shop.
  2050 | D:3      | Reached skill level 1 in Armour
  2126 | D:3      | Noticed Robin
  2143 | D:3      | Killed Robin
  2153 | D:3      | Reached skill level 4 in Axes
  2368 | D:3      | Reached XP level 5. HP: 40/41 MP: 3/5
  2408 | D:3      | Noticed Natasha
  2414 | D:3      | Killed Natasha
  2510 | D:3      | Reached skill level 1 in Evocations
  2590 | D:3      | Noticed Natasha
  2598 | D:3      | Killed Natasha
  2661 | D:3      | Gained mutation: You have a pair of small horns on your
                  | head. [demonic ancestry]
  2661 | D:3      | Reached XP level 6. HP: 30/48 MP: 4/6
  2902 | D:3      | Noticed Natasha
  2907 | D:3      | Killed Natasha
  2946 | D:3      | Found Qeofog's Antique Weapon Shop.
  3259 | D:4      | Noticed an orc warrior
  3279 | D:4      | Reached skill level 5 in Axes
  3293 | D:4      | Killed an orc warrior
  3427 | D:4      | Reached XP level 7. HP: 49/55 MP: 7/7
  3764 | D:4      | Found a shadowy altar of Dithmenos.
  4527 | D:3      | Bought a +1 cloak of preservation for 198 gold pieces
  4649 | D:5      | Entered Level 5 of the Dungeon
  4654 | D:5      | Reached skill level 6 in Axes
  4845 | D:5      | Reached skill level 5 in Fighting
  5119 | D:5      | Gained mutation: When hurt, damage is shared between your
                  | health and your magic reserves. [demonic ancestry]
  5119 | D:5      | Reached XP level 8. HP: 61/63 MP: 8/8
  5660 | D:5      | Found a sparkling altar of Nemelex Xobeh.
  6178 | D:6      | Found a staircase to the Ecumenical Temple.
  6194 | Temple   | Entered the Ecumenical Temple
  6723 | D:6      | Reached skill level 7 in Axes
  7285 | D:6      | Reached skill level 1 in Shields
  7727 | D:7      | Noticed a slime creature
  7727 | D:7      | Noticed a slime creature
  7727 | D:7      | Noticed a slime creature
  7727 | D:7      | Noticed a slime creature
  7727 | D:7      | Noticed a slime creature
  7729 | D:7      | Noticed a slime creature
  7732 | D:7      | Demolished by a large slime creature

Illustrated notes

Levels and vault maps discovered:
D:1:      amcnicky_arrival_blooded_trapdoor, layout_loops_ring,
          dilly_ecumenical_altar_fadedgnrine
D:2:      layout_loops_ring, minmay_hexomino_f4
D:3:      layout_loops_corners, serial_shops, shop, nicolae_lakefront_shop,
          nicolae_shop_statue_plus, dreamdust_mushroom_princess,
          minmay_pentangle, uniq_robin, uniq_natasha
D:4:      layout_loops_corners, overflow_temple_1_default
D:5:      layout_basic, lemuel_coloured_pillars_altar, nicolae_wormholes
D:6:      layout_loops_ring, minmay_temple_entry_sparse_star,
          minmay_misc_feat_secret_circle, minmay_misc_feat_iff, centaur_isle
D:7:      layout_basic, grunt_temple_overflow_open
Temple:   cyrus_circular_temple

Skill      XL: |  1  2  3  4  5  6  7  8 |
---------------+-------------------------+-----
Axes           | 3 4 5 6 7 |  7.6
Stealth        | 1 2 |  2.0
Armour         | 1 2 |  2.0
Fighting       | 3 4 5 6 |  6.6
Throwing       | 2 |  2.0
Evocations     | 1 2 |  2.0
Shields        | 1 |  1.6
Dodging        | |  2.6

Action                   |  1- 3 |  4- 6 |  7- 9 || total
-------------------------+-------+-------+-------++-------
Melee: War axe           |   107 |   177 |   169 ||   453
       Unarmed           |       |     9 |       ||     9
       Headbutt          |       |     6 |    36 ||    42
       Punch             |       |       |     3 ||     3
Throw: Stone             |       |     1 |     1 ||     2
       Javelin           |       |     1 |       ||     1
       Dart              |       |     4 |       ||     4
Evoke: Wand              |       |       |    20 ||    20
  Use: Potion            |       |     6 |     1 ||     7
       Scroll            |       |     7 |     6 ||    13
 Stab: Sleeping          |     2 |       |       ||     2
Armor: Leather armour    |    25 |       |       ||    25
       Ring mail         |    21 |    65 |    20 ||   106
       Skin              |       |     2 |       ||     2
       Plate armour      |       |       |   105 ||   105
Dodge: Dodged            |    77 |   123 |    82 ||   282
Block: Kite shield       |       |       |    33 ||    33

Table legend: (Time is in decaauts)
 A = Elapsed time spent in this place.
 B = Non-inter-level travel time spent in this place.
 C = Inter-level travel time spent in this place.
 D = Time resting spent in this place.
 E = Time spent auto-exploring this place.
 F = Levels seen in this place.
 G = Mean time per level.
                   A        B        C        D        E       F      G
               +--------+--------+--------+--------+--------+-----+--------+
         Total |   7826 |   6690 |   1136 |   1317 |   3517 |   8 |  978.2 |
       Dungeon |   7774 |   6638 |   1136 |   1317 |   3483 |   7 | 1110.6 |
        Temple |     51 |     51 |      0 |      0 |     34 |   1 |   51.0 |
               +--------+--------+--------+--------+--------+-----+--------+

Top non-repeatable levels by time:
     D:6: 1741 daAuts
     D:3: 1487 daAuts
     D:4: 1410 daAuts
     D:5: 1155 daAuts
     D:1: 1085 daAuts
     D:2: 889 daAuts
  Temple: 51 daAuts
     D:7: 5 daAuts
